 Dungeon Crawl Stone Soup version 0.31-a0-675-g238779eb0a (webtiles) character file.

Game seed: 11154229250648203253

319 qw the Shooter (level 6, -5/38 HPs)
             Began as a Gargoyle Hunter on Sept 5, 2023.
             Slain by a wraith (10 damage)
             ... on level 7 of the Dungeon.
             The game lasted 00:01:11 (2374 turns).

qw the Shooter (Gargoyle Hunter)                    Turns: 2374, Time: 00:01:11

Health: -5/38      AC: 16    Str: 15    XL:     6   Next: 45%
Magic:  6/6        EV: 11    Int:  9    God:
Gold:   158        SH:  0    Dex: 15    Spells: 5/5 levels left

rFire   + . .        Y - +1 shortbow (drain)
rCold   . . .        (shield currently unavailable)
rNeg    + . .        a - +0 ring mail
rPois   inf          b - +2 hat
rElec   +            (no cloak)
rCorr   .            e - +0 pair of gloves
SInv    .            (no boots)
Will    .....        (no amulet)
Stlth   +            (no ring)
HPRegen 0.26/turn    (no ring)
MPRegen 0.10/turn

%: no passive effects
@: slowed, very slow
A: sickness immunity, AC +4, negative energy resistance 1, electricity
resistance, torment resistance 1, petrification resistance, iridescent scales 2,
fire resistance 1
a: no special abilities


You were on level 7 of the Dungeon.
You visited 1 branch of the dungeon, and saw 5 of its levels.

You collected 158 gold pieces.


Innate Abilities, Weirdness & Mutations

You are immune to sickness and miasma.
Your stone body is resilient. (AC +4)
You are immune to poison.
You resist negative energy. (rN+)
You are resistant to electric shocks. (rElec)
You are resistant to unholy torment.
You are immune to petrification.
You are mostly covered in iridescent scales. (AC +4)
Your flesh is heat resistant. (rF+)


   Skills:
 - Level 4.0 Fighting
 + Level 6.5 Ranged Weapons
 - Level 1.7 Armour
 - Level 1.5 Dodging
 - Level 1.1 Stealth


You had 5 spell levels left.
You didn't know any spells.
Your spell library was empty.

Inventory:

Hand Weapons
 Y - a +1 shortbow of draining (weapon)
Armour
 a - a +0 ring mail (worn)
 b - a +2 hat (worn)
 e - a +0 pair of gloves (worn)
Scrolls
 d - a scroll of fog {unknown}
Potions
 f - a potion of mutation
 g - a potion of curing
 h - a potion of degeneration {unknown}

Dungeon Overview and Level Annotations

Branches:
Dungeon (4/15)
 Temple: D:4-7

Altars:


Message History

You shoot an arrow. The arrow hits the wraith!
The wraith is severely damaged.
The wraith hits you! The wraith hits you but does no damage.
You shoot an arrow. The arrow barely misses the wraith.
You feel yourself speed up. The wraith barely misses you.
You shoot an arrow. The arrow closely misses the wraith.
The wraith hits you! The wraith completely misses you.
You shoot an arrow. The arrow completely misses the wraith.
The wraith barely misses you.
You shoot an arrow. The arrow barely misses the wraith.
The wraith hits you but does no damage.
You shoot an arrow. The arrow hits the wraith.
The wraith is severely damaged.
The wraith barely misses you.
You shoot an arrow. The arrow hits the wraith.
The wraith is severely damaged.
The wraith hits you but does no damage.
You shoot an arrow.
The arrow hits the wraith but does no damage.
The wraith is severely damaged.
The wraith hits you. The wraith drains your vigour!
You feel yourself slow down.
You shoot an arrow. The arrow hits the wraith.
The wraith is almost destroyed.
The wraith barely misses you. The wraith hits you but does no damage.
You shoot an arrow.
The arrow hits the wraith but does no damage.
The wraith is almost destroyed.
The wraith hits you! The wraith drains your vigour!
You feel as though you will be slow longer.
The wraith hits you but does no damage.
You shoot an arrow. The arrow hits the wraith.
The wraith is almost destroyed.
You hear the faint creaking of a distant portcullis.
The wraith completely misses you. The wraith misses you.
You shoot an arrow. The arrow closely misses the wraith.
The wraith barely misses you. The wraith hits you but does no damage.
You shoot an arrow. The arrow closely misses the wraith.
The wraith hits you!
You die...

.................
....#....########
.........##
########..#
##.#### #....#
####.## #....###
#@##...#
#W####.###### ..#
#......# .###
##.....# #.
##....# . #....#
.# ###.## #.
##..# ##..##


You could see a wraith.

Vanquished Creatures
  A howler monkey (D:3)
  An orc priest (D:4)
  2 iguanas (D:4)
  Terence (D:3)
  2 orc wizards (D:4)
  5 adders
  A gnoll (D:3)
  2 worms
  A dart slug (D:4)
  10 orcs (D:4)
  5 bats
  4 endoplasms
  3 giant cockroaches
  2 goblins
  5 hobgoblins
  7 kobolds
  A quokka (D:1)
  2 ball pythons (D:4)
  2 frilled lizards
  10 rats
67 creatures vanquished.

Notes
Turn   | Place    | Note
-------+----------+-------------------------------------------
     0 | D:1      | qw the Gargoyle Hunter began the quest for the Orb.
     0 | D:1      | Reached XP level 1. HP: 12/12 MP: 1/1
     0 | D:1      | 0 ||| qw: Version: 0.3-a-75-g829b12e
     0 | D:1      | 0 ||| qw: Game counter: 60
     0 | D:1      | 0 ||| qw: Melee chars always use a shield: true
     0 | D:1      | 0 ||| qw: God list: Okawaru
     0 | D:1      | 0 ||| qw: Allow faded altars: false
     0 | D:1      | 0 ||| qw: Do Orc after clearing Dungeon:15 true
     0 | D:1      | 0 ||| qw: Do second Lair branch before Depths: true
     0 | D:1      | 0 ||| qw: Lair rune preference: random
     0 | D:1      | 0 ||| qw: Goals: Normal
     0 | D:1      | 0 ||| PLANNING D:1-11
   135 | D:1      | Reached XP level 2. HP: 16/17 MP: 2/2
   550 | D:1      | 550 ||| UPGRADING to +0 pair of gloves.
   555 | D:1      | 555 ||| READING scroll labelled NOFIODD QUNEO.
   556 | D:1      | 556 ||| READING scroll labelled NAUTAS VOAM.
   557 | D:1      | 557 ||| READING scroll labelled HAIRGH POL JUIMMO.
   560 | D:1      | 560 ||| DROPPING scroll of butterflies.
   576 | D:2      | Reached skill level 5 in Ranged Weapons
   576 | D:2      | Reached XP level 3. HP: 21/21 MP: 3/3
   953 | D:2      | Reached skill level 3 in Fighting
  1030 | D:2      | 1030 ||| UPGRADING to +0 ring mail.
  1040 | D:2      | 1040 ||| UPGRADING to +2 hat.
  1045 | D:2      | 1045 ||| DROPPING +0 leather armour.
  1046 | D:2      | 1046 ||| DRINKING 2 ruby potions.
  1046 | D:2      | Gained mutation: You have hidden genetic potential. [potion
                  | of mutation]
  1046 | D:2      | Gained mutation: You are partially covered in iridescent
                  | scales. (AC +2) [potion of mutation]
  1090 | D:3      | Noticed Terence
  1104 | D:3      | Killed Terence
  1105 | D:3      | Reached skill level 1 in Armour
  1105 | D:3      | Reached XP level 4. HP: 14/28 MP: 4/4
  1274 | D:3      | 1274 ||| FLEEEEING.
  1275 | D:3      | 1275 ||| FLEEEEING.
  1276 | D:3      | 1276 ||| FLEEEEING.
  1277 | D:3      | 1277 ||| FLEEEEING.
  1278 | D:3      | 1278 ||| FLEEEEING.
  1279 | D:3      | 1279 ||| FLEEEEING.
  1280 | D:3      | 1280 ||| FLEEEEING.
  1281 | D:3      | 1281 ||| FLEEEEING.
  1282 | D:3      | 1282 ||| FLEEEEING.
  1283 | D:3      | 1283 ||| FLEEEEING.
  1284 | D:3      | 1284 ||| FLEEEEING.
  1285 | D:3      | 1285 ||| FLEEEEING.
  1286 | D:3      | 1286 ||| FLEEEEING.
  1287 | D:3      | 1287 ||| FLEEEEING.
  1288 | D:3      | 1288 ||| FLEEEEING.
  1288 | D:3      | Gained mutation: You are mostly covered in iridescent
                  | scales. (AC +4) [hidden potential]
  1304 | D:3      | 1304 ||| FLEEEEING.
  1305 | D:3      | 1305 ||| FLEEEEING.
  1313 | D:3      | Reached XP level 5. HP: 32/32 MP: 5/5
  1883 | D:3      | 1883 ||| READING scroll labelled GOYLIU MUAPOAT.
  1884 | D:3      | 1884 ||| READING 2 scrolls labelled OZEPPI YJUXO.
  1885 | D:3      | 1885 ||| READING scroll labelled WEUDETWEIZ.
  1886 | D:3      | 1886 ||| READING scroll labelled INWOAN TUOXOESHRU.
  1987 | D:3      | 1987 ||| READING scroll labelled ALINURORYJ.
  1988 | D:3      | 1988 ||| READING scroll labelled DAFRO LOECAUS.
  1989 | D:3      | 1989 ||| DRINKING 3 grey potions.
  1990 | D:3      | 1990 ||| DRINKING 4 orange potions.
  1991 | D:3      | 1991 ||| DROPPING scroll of amnesia.
  2030 | D:4      | 2030 ||| STAIRDANCE
  2080 | D:4      | Reached skill level 6 in Ranged Weapons
  2080 | D:4      | Gained mutation: Your flesh is heat resistant. (rF+)
                  | [hidden potential]
  2080 | D:4      | Lost mutation: You have hidden genetic potential. [hidden
                  | potential expressed]
  2108 | D:4      | 2108 ||| DRINKING 3 potions of curing.
  2108 | D:4      | 2108 ||| (to cure confusion)
  2109 | D:4      | 2109 ||| DRINKING 2 potions of curing.
  2109 | D:4      | 2109 ||| (to cure confusion)
  2120 | D:4      | 2120 ||| DRINKING potion of curing.
  2120 | D:4      | 2120 ||| (to cure confusion)
  2148 | D:4      | HP: 6/32 [something (3)]
  2150 | D:4      | 2150 ||| READING scroll of teleportation.
  2151 | D:4      | 2151 ||| DRINKING 2 potions of heal wounds.
  2176 | D:4      | Reached XP level 6. HP: 38/38 MP: 6/6
  2286 | D:4      | You fall into a shaft and drop 3 floors!
  2343 | D:7      | Noticed a wraith
  2360 | D:7      | HP: 3/38 [wraith (11)]
  2361 | D:7      | 2361 ||| DRINKING potion of heal wounds.
  2371 | D:7      | HP: 3/38 [wraith (10)]
  2374 | D:7      | Slain by a wraith

Levels and vault maps discovered:
D:1:      amcnicky_arrival_flooded_fountain, layout_loops_ring
D:2:      layout_basic
D:3:      layout_loops_cross, minmay_quantized, uniq_terence
D:4:      layout_gridville, gammafunk_temple_overflow_statue, item_on_display_a
D:7:      layout_rooms, marbit_many_paths, enter_bailey_2, hellmonk_no_cap

Skill      XL: |  1  2  3  4  5 |
---------------+----------------+-----
Ranged Weapons | 5 6 |  6.5
Fighting       | 3 4 |  4.0
Armour         | 1 |  1.7
Dodging        | |  1.5
Stealth        | |  1.1

Action                     |  1- 3 |  4- 6 || total
---------------------------+-------+-------++-------
   Fire: Shortbow          |   111 |   176 ||   287
    Use: Scroll            |     3 |     7 ||    10
         Potion            |     1 |     7 ||     8
 Armour: Leather armour    |    20 |       ||    20
         Ring mail         |     6 |   124 ||   130
  Dodge: Dodged            |    33 |    59 ||    92

Table legend:
 A = Non-vault XP
 B = Vault XP
 C = Vault XP percentage of total XP
 D = Non-vault monster count
 E = Vault monster count
 F = Vault count percentage of total count
                 A         B        C        D         E       F
            +---------+---------+-------+---------+---------+-------
      Total |     387 |      69 |  15.1 |      61 |       6 |   9.0
            +---------+---------+-------+---------+---------+-------
        D:1 |      29 |       0 |   0.0 |      18 |       0 |   0.0
        D:2 |      45 |       0 |   0.0 |      11 |       0 |   0.0
        D:3 |      80 |      69 |  46.3 |      12 |       6 |  33.3
        D:4 |     233 |       0 |   0.0 |      20 |       0 |   0.0
            +---------+---------+-------+---------+---------+-------
